 Dungeon Crawl Stone Soup version 0.26.1-2-gb8aa6d0cf2 (webtiles) character file.

Game seed: 15074234953247802572

112 Descartes the Magician (level 4, 0/24 HPs)
             Began as a Deep Elf Wanderer on Mar 6, 2021.
             Was an Initiate of Gozag.
             Succumbed to an adder's poison
             ... on level 3 of the Dungeon.
             The game lasted 00:08:20 (2941 turns).

Descartes the Magician (Deep Elf Wanderer)          Turns: 2941, Time: 00:08:21

Health: 0/24       AC:  2    Str: 10    XL:     4   Next: 64%
Magic:  7/13       EV: 11    Int: 18    God:    Gozag
Gold:   142        SH:  0    Dex: 13    Spells: 12/13 levels left

rFire    + . .     SeeInvis .   a - +0 hand crossbow
rCold    x . .     Faith    .   (no shield)
rNeg     . . .     Spirit   .   e - +0 robe
rPois    .         Reflect  .   (no helmet)
rElec    .         Harm     .   (no cloak)
rCorr    .         Rampage  .   (no gloves)
Will     .....                  (no boots)
Stlth    ++........             (no amulet)
HPRegen  0.08/turn              o - ring of fire
MPRegen  0.13/turn              (no ring)

@: lethally poisoned (0 -> -12), gold aura, berserk cooldown, attractive, very
slightly contaminated, slowed, very slow
A: no striking features
a: Renounce Religion, Potion Petition, Call Merchant, Bribe Branch


You were on level 3 of the Dungeon.
You worshipped Gozag.
Gozag was aware of your devotion.
You visited 1 branch of the dungeon, and saw 3 of its levels.

You collected 167 gold pieces.
You paid 25 gold pieces to Gozag.

Inventory:

Hand Weapons
 a - a +0 hand crossbow (weapon)
 f - a +0 dagger
Missiles
 c - 36 bolts (quivered ammo)
 j - 5 curare-tipped darts
 k - 78 stones
 r - 17 poisoned darts
Armour
 e - a +0 robe (worn)
Jewellery
 o - a ring of fire (left hand)
Scrolls
 d - a scroll of teleportation
 g - 4 scrolls of identify {unknown}
 i - 3 scrolls of blinking {unknown}
 n - a scroll of immolation {unknown}
 p - a scroll of magic mapping {unknown}
Potions
 b - 2 potions of flight {unknown}
 l - a potion of heal wounds {unknown}
 q - a potion of brilliance {unknown}


   Skills:
 - Level 1.0 Crossbows
 - Level 3.2 Armour
 - Level 2.4 Stealth
 - Level 5.0 Spellcasting
 + Level 3.4 Conjurations
 - Level 1.2 Necromancy


You had 12 spell levels left.
You knew the following spells:

 Your Spells              Type           Power        Failure   Level
a - Magic Dart            Conj           68%          3%          1

Your spell library contained the following spells:

 Spells                   Type           Power        Failure   Level
 Blink                    Tloc           N/A          21%         2
 Call Imp                 Summ           4%           21%         2
 Slow                     Hex            4%           21%         2
 Conjure Flame            Conj/Fire      16%          21%         3
 Mephitic Cloud           Conj/Pois/Air  8%           26%         3


Dungeon Overview and Level Annotations

Branches:
Dungeon (3/15)

Altars:
Gozag
Ru


Message History

* * * LOW HITPOINT WARNING * * *
You feel sick.
It was a potion of berserk rage.
A red film seems to cover your vision as you go berserk!
You feel yourself moving faster!
You feel mighty!
* * * LOW HITPOINT WARNING * * *
You feel sick.
You are too berserk!
You are too berserk!
You feel a strong urge to attack something.
* * * LOW HITPOINT WARNING * * *
You feel sick.
You feel your anger nearly subside.
* * * LOW HITPOINT WARNING * * *
You feel sick.
You are no longer berserk.
You are exhausted.
You feel yourself slow down.
You die...
Your body crumbles into a pile of gold.

## .. #. ).
#.#.################
#...$@......<.......
....#!###....#########
. # #....# #......#
#......# #......#
#......# ........
##......##


There were no monsters in sight!

Vanquished Creatures
  6 adders
  2 dart slugs
  A leopard gecko (D:2)
  7 bats
  6 giant cockroaches
  5 goblins (D:1)
  4 hobgoblins
  5 jackals
  A ball python (D:2)
  A frilled lizard (D:1)
  8 kobolds
  6 rats
52 creatures vanquished.

Notes
Turn   | Place    | Note
-------+----------+-------------------------------------------
     0 | D:1      | Descartes the Deep Elf Wanderer began the quest for the
                  | Orb.
     0 | D:1      | Descartes set off with the following items: a +0 hand
                  | crossbow, 25 bolts, a scroll of teleportation, a +0 robe, a
                  | +0 dagger; and the following spell memorised: Magic Dart;
                  | and the following spells available to memorise: Blink, Call
                  | Imp, Slow, Conjure Flame, Mephitic Cloud
     0 | D:1      | Reached XP level 1. HP: 10/10 MP: 6/6
     3 | D:1      | Noticed an electric eel
     4 | D:1      | Noticed an electric eel
   138 | D:1      | Reached skill level 1 in Conjurations
   213 | D:1      | Reached XP level 2. HP: 15/15 MP: 4/8
  1013 | D:1      | Reached skill level 4 in Spellcasting
  1163 | D:1      | Reached XP level 3. HP: 19/19 MP: 7/10
  1238 | D:1      | You fall into a shaft and drop 1 floor!
  1710 | D:2      | Reached XP level 4. HP: 21/24 MP: 0/12
  2106 | D:2      | Found an opulent altar of Gozag.
  2114 | D:2      | Became a worshipper of Gozag Ym Sagoz the Greedy
  2431 | D:2      | Reached skill level 5 in Spellcasting
  2688 | D:2      | Found a sacrificial altar of Ru.
  2941 | D:3      | Succumbed to an adder's poison

Illustrated notes

Levels and vault maps discovered:
D:1:      arrival_aquarium_b, layout_basic
D:2:      layout_loops_ring, nicolae_ru_the_path_less_chosen,
          hangedman_decor_lopped, nicolae_gozag_cash_rules_everything_around_me
D:3:      layout_basic, fedhas_altar_1, nicolae_overflow_crystal_walls,
          uniq_natasha

Skill      XL: |  1  2  3  4 |
---------------+-------------+-----
Conjurations   | 1 2 3 |  3.4
Spellcasting   | 4 5 |  5.0
Crossbows      | |  1.0
Armour         | |  3.2
Stealth        | |  2.4
Necromancy     | |  1.2

Action                   |  1- 3 |  4- 6 || total
-------------------------+-------+-------++-------
 Fire: Hand crossbow     |    13 |     8 ||    21
 Cast: Magic Dart        |    99 |    46 ||   145
  Use: Potion            |       |     2 ||     2
Armor: Robe              |     8 |     2 ||    10
Dodge: Dodged            |    26 |    12 ||    38
